 Dungeon Crawl Stone Soup version 0.30-a0-4-ga7cffc901d (webtiles) character file.

Game seed: 7387234162473730114

316458 Flugkiller the Warrior (level 20, -14/135 HPs)
             Began as a Minotaur Fighter on Aug 22, 2022.
             Was the Champion of Qazlal.
             Killed by an exploding starcursed mass (16 damage)
             ... ignited by their inner flame
             ... on level 5 of the Abyss.
             The game lasted 00:26:11 (41826 turns).

Flugkiller the Warrior (Minotaur Fighter)          Turns: 41826, Time: 00:26:12

Health: -14/135    AC: 22    Str: 19 (20) XL:     20   Next: 53%
Magic:  19/19      EV: 16    Int:  1      God:    Qazlal [******]
Gold:   3486       SH: 23    Dex: 16 (17) Spells: 19/19 levels left

rFire   + . .      SeeInvis .    a - +9 broad axe (spect)
rCold   . . .      Faith    .    B - +1 kite shield {AC+3}
rNeg    . . .      Spirit   .    C - +1 plate armour of Guijum {Contam Dex+5 Stlth+}
rPois   .          Reflect  .    (helmet restricted)
rElec   .          Harm     .    P - +0 cloak
rCorr   .          Rampage  .    k - +2 pair of gloves
Will    +....                    (no boots)
Stlth   ..........               E - amulet of regeneration
HPRegen 1.12/turn                v - +4 ring of evasion
MPRegen 0.16/turn                e - ring of flight

@: protected from fire, flying, repel missiles, unable to read
A: horns 2, retaliatory headbutt, [clumsy 2], [deformed body], [deterioration
2], [dopey 2], [frail 3], [low MP 3], [screaming 2], ([teleportitis 1]), [weak
2], [no potion heal 2], [inability to read after injury 2]
}: 2/15 runes: serpentine, barnacled
a: Renounce Religion, Upheaval, Elemental Force, Disaster Area


You were on level 5 of the Abyss.
You worshipped Qazlal.
Qazlal was exalted by your worship.
You visited 6 branches of the dungeon, and saw 31 of its levels.
You visited the Abyss 5 times.
You also visited: Gauntlet and Volcano.

You collected 4877 gold pieces.
You spent 1391 gold pieces at shops.

Inventory:

Hand Weapons
 a - a +9 spectral broad axe (weapon)
   (You bought it in a shop on level 7 of the Dungeon)
Missiles
 u - 8 throwing nets (quivered)
 I - 11 silver javelins
Armour
 k - a +2 pair of gloves (worn)
   (You found it on level 9 of the Dungeon)
 B - a +1 kite shield of protection (worn)
   (You took it off a naga warrior on level 1 of the Snake Pit)
 C - the +1 plate armour of Guijum (worn) {Contam Dex+5 Stlth+}
   (You bought it in a shop on level 2 of the Orcish Mines)

   Dex:       It affects your dexterity (+5).
   Contam:    It causes magical contamination when unequipped.
   Stlth:     It makes you more stealthy.
 P - a +0 cloak (worn)
   (You found it on level 12 of the Dungeon)
 R - the +1 cloak "Raudaywi" {*Corrode +Inv rC+++ Regen+}
   (You found it on level 3 of the Lair of Beasts)

   rC:        It renders you almost immune to cold.
   +Inv:      It lets you turn invisible.
   Regen:     It increases your rate of health regeneration.
   *Corrode:  It may corrode you when you take damage.
 Y - a +0 kite shield of fire resistance
   (You took it off a naga warrior on level 4 of the Snake Pit)
Jewellery
 e - a ring of flight (right hand)
   (You took it off an orc on level 3 of the Dungeon)
 f - a ring of protection from fire
   (You found it on level 3 of the Lair of Beasts)
 i - a ring of see invisible
   (You found it on level 13 of the Dungeon)
 j - a +4 ring of slaying
   (You found it on level 1 of the Shoals)
 v - a +4 ring of evasion (left hand)
   (You took it off a minotaur in a Gauntlet)
 E - an amulet of regeneration (around neck)
   (You took it off a gnoll sergeant on level 11 of the Dungeon)
 G - the amulet "Qosipn" {Reflect rC+ SH+5}
   (You found it in a Gauntlet)

   [amulet of reflection]

   It reflects blocked missile attacks.
   rC:        It protects you from cold.
   SH:        It affects your SH (+5).
 M - the ring of Recklessness {+Blink rF+ Dex+2}
   (You found it in a Gauntlet)

   [ring of protection from fire]

   Dex:       It affects your dexterity (+2).
   rF:        It protects you from fire.
   +Blink:    It lets you blink.
Wands
 g - a wand of digging (23)
   (You found it on level 5 of the Dungeon)
 y - a wand of iceblast (8)
   (You found it on level 5 of the Dungeon)
 A - a wand of charming (16)
   (You found it on level 10 of the Dungeon)
 L - a wand of light (2)
   (You found it in a Gauntlet)
 N - a wand of mindburst (1)
   (You found it on level 8 of the Dungeon)
Scrolls
 b - 3 scrolls of silence
 l - 4 scrolls of magic mapping
 o - 6 scrolls of fog
 p - 4 scrolls of poison
 s - a scroll of summoning
 t - 9 scrolls of teleportation
 x - a scroll of immolation
 z - 6 scrolls of blinking
 H - 3 scrolls of enchant armour
 U - a scroll of fear
 V - a scroll of vulnerability
Potions
 d - a potion of might
 h - 2 potions of haste
 m - 2 potions of cancellation
 n - 2 potions of resistance
 q - 9 potions of curing
 r - a potion of magic
 w - 4 potions of heal wounds
 D - 7 potions of mutation
 F - a potion of invisibility
 O - 3 potions of berserk rage
 Q - 7 potions of lignification
 W - 3 potions of ambrosia
Miscellaneous
 J - a phantom mirror
   (You found it in a Gauntlet)


   Skills:
 + Level 20.2 Fighting
 - Level 18.0 Axes
 + Level 16.9 Armour
 + Level 15.7 Dodging
 + Level 16.1 Shields
 - Level 13.0 Invocations
 + Level 9.8 Evocations


You had 19 spell levels left.
You didn't know any spells.
Your spell library was empty.

Dungeon Overview and Level Annotations

Branches:
Dungeon (15/15)            Temple (1/1) D:7            Lair (5/5) D:11
 Shoals (4/4) Lair:2        Snake (4/4) Lair:2        Slime (0/5) Lair:5
    Orc (2/2) D:9             Elf (0/3) Orc:2        Vaults (0/5) D:14
 Depths (0/4) D:15        Volcano (visited)         Gauntlet (visited)

Altars:
Ashenzari
Cheibriados
Dithmenos
Elyvilon
Fedhas
Gozag
Hepliaklqana
Kikubaaqudgha
Makhleb
Nemelex Xobeh
Okawaru
Qazlal
Ru
Sif Muna
Trog
Uskayaw
Vehumet
Wu Jian
Xom
Yredelemnul
Zin
The Shining One
Jiyva
Lugonu

Shops:
D:7 *   D:8 :   Orc:2 :[*?   Shoals:2 :   Snake:3 (

Portals:
Abyss: Snake:4
Pandemonium: Orc:2

Annotations:
D:3 1 runed translucent door, Zgarb's ghost, amateur VSIE
D:9 2 transporters, polve's ghost, novice DsBe
D:13 3 runed translucent doors, QuickerDeath's ghost, adept MfIE; Xoff's ghost, journeyman GrEE
D:15 3 runed translucent doors, Semoopse's ghost, adept GrEE; Zemnit's ghost, adept OgFi
Lair:2 exclusion: oklob plant
Lair:5 exclusion: obsidian statue


Innate Abilities, Weirdness & Mutations

You have a pair of horns on your head.
You reflexively headbutt those who attack you in melee.
[You are very clumsy. (Dex -4)]
[Armour fits poorly on your strangely shaped body.]
[Your body often deteriorates upon taking damage.]
[You are very dopey. (Int -4)]
[You are extremely frail. (-30% HP)]
[Your magical capacity is extremely low. (-30% MP)]
[You frequently scream uncontrollably at your foes.]
[((You are occasionally teleported next to monsters.))]
[You are very weak. (Str -4)]
[Potions cannot restore your health.]
[You sometimes lose the ability to read scrolls when taking damage.]


Message History

Flame seeps out of the shining eye.
The wretched star is struck by lightning.
You are too injured to fight recklessly!
You slice the starcursed mass!! Qazlal accepts your kill.
You slash the hell hog!
Flame seeps out of the hell hog.
Your +9 spectral broad axe hits the hell hog!!
Flame seeps out of the hell hog.
Your +9 spectral broad axe hits the starcursed mass!
Qazlal accepts your kill.
Your +9 spectral broad axe hits the starcursed mass!!
Qazlal accepts your kill.
Your +9 spectral broad axe misses the wretched star.
The starcursed mass explodes!
The fiery explosion engulfs the wretched star!
The wretched star resists.
The wretched star is moderately damaged.
The fiery explosion engulfs the wretched star!!
The wretched star resists.
The wretched star is moderately damaged.
The fiery explosion engulfs the starcursed mass!!
Qazlal accepts your kill.
The fiery explosion engulfs the hell hog.
The hell hog completely resists.
The hell hog is severely wounded.
The fiery explosion engulfs the starcursed mass!!!
Qazlal accepts your kill. The fiery explosion engulfs you!!
You feel threatened and lose the ability to read scrolls!
* * * LOW HITPOINT WARNING * * *
The fiery explosion engulfs the starcursed mass!!
Qazlal accepts your kill.
The starcursed mass explodes!
The fiery explosion engulfs the wretched star!!
The wretched star resists.
The wretched star is heavily damaged.
The fiery explosion engulfs the wretched star!
The wretched star resists.
The wretched star is severely damaged.
The fiery explosion engulfs the shining eye!!!
Qazlal accepts your kill.
You hear a sizzling sound!
The shining eye explodes!
The fiery explosion engulfs the hell hog.
The hell hog completely resists.
The hell hog is severely wounded.
The fiery explosion engulfs the hell hog.
The hell hog completely resists.
The fiery explosion engulfs the hell hog.
The hell hog completely resists.
The fiery explosion engulfs the small abomination!!!
Qazlal accepts your kill.
The small abomination explodes!
The fiery explosion engulfs the hell hog.
The hell hog completely resists.
The fiery explosion engulfs the hell hog.
The hell hog completely resists.
The starcursed mass explodes!
The fiery explosion engulfs the wretched star!
The wretched star resists.
The wretched star is severely damaged.
The fiery explosion engulfs the wretched star!!
The wretched star resists.
The wretched star is almost destroyed.
The starcursed mass explodes!
The fiery explosion engulfs the wretched star!!
The wretched star resists.
The wretched star is almost destroyed.
The fiery explosion engulfs the wretched star!
The wretched star resists.
You destroy the wretched star!
Qazlal accepts your kill.
The fiery explosion engulfs the hell hog.
The hell hog completely resists.
The hell hog is severely wounded.
The fiery explosion engulfs the hell hog.
The hell hog completely resists.
The starcursed mass explodes!
The fiery explosion engulfs the hell hog.
The hell hog completely resists.
The hell hog is severely wounded.
The fiery explosion engulfs the hell hog.
The hell hog completely resists.
The fiery explosion engulfs you!!
You feel protected from fire.
* * * LOW HITPOINT WARNING * * *
Your body deteriorates!
You feel clumsy.
The fiery explosion engulfs the hell hog.
The hell hog completely resists.
The fiery explosion engulfs the wretched star!!
The wretched star resists.
You destroy the wretched star!
Qazlal accepts your kill. x2
You feel a bit more experienced.
The starcursed mass explodes!
The fiery explosion engulfs the hell hog.
The hell hog completely resists.
The hell hog is severely wounded.
The fiery explosion engulfs you! You resist.
You feel more protected from fire.
You die...

§ # ## .§ .#
φ ##⌠# §#
#@## § #.. #
#(hh§..... .
⌠ §§§§h§....
3# #
##§§##§.##.
. #.. ###
#⌠#§§##..###
.. 3. . ≈
§§§§ ... .
.# #~≈
.....# ...
#.# * .....
. ... .....~
.. ### ...


You could see 3 hell hogs and a friendly +9 spectral broad axe (summoned,
wandering).

Vanquished Creatures
  A dread lich (Abyss:4)
  Vashnia (Snake:3)
  2 bone dragons
  Jorgrun (Snake:3)
  4 liches
  Asterion (Snake:4)
  3 tentacled starspawn
  An Executioner (Abyss:1)
  3 nagarajas
  An angel (Abyss:1)
  A balrug (Abyss:2)
  A very ugly thing (Abyss:4)
  A green draconian (Abyss:4)
  Azrael (Orc:2)
  An entropy weaver (Gauntlet)
  A minotaur (Gauntlet)
  2 dire elephants (Lair:5)
  3 ettins (Abyss:3)
  5 merfolk javelineers
  5 merfolk impalers
  A great orb of eyes (shapeshifter) (D:15)
  Josephine (D:12)
  A great orb of eyes (D:15)
  A fire dragon (Volcano)
  2 salamander tyrants
  A rakshasa (Abyss:4)
  Fannar (D:12)
  3 merfolk avatars
  A boulder beetle (Lair:2)
  16 anacondas
  9 hydras
  2 demonspawn (Orc:2)
  An ogre mage (D:15)
  3 alligator snapping turtles
  5 merfolk aquamancers
  2 catoblepae
  5 centaur warriors
  2 alligators (Lair:4)
  A death yak (Lair:5)
  11 two-headed ogres
  20 naga warriors
  A death knight (Abyss:1)
  A satyr (Shoals:2)
  5 orc high priests (Orc:2)
  A vampire mage (D:15)
  3 thrashing horrors
  A deep elf knight (D:14)
  3 sun demons (Abyss:2)
  A spectral dire elephant (Lair:5)
  15 naga sharpshooters
  9 shock serpents
  Sonja (Lair:3)
  2 tengu warriors
  A shadow wraith (Abyss:5)
  12 wretched stars
  2 fire crabs (Lair:4)
  A skeletal warrior (D:14)
  5 salamander mystics
  A flayed ghost (Abyss:3)
  A death drake (Abyss:1)
  8 sea snakes
  A spectral anaconda (Lair:5)
  2 glowing orange brains
  2 naga ritualists
  3 deep elf pyromancers (D:14)
  7 ugly things
  4 orc knights (Orc:2)
  12 harpies
  4 necromancers (Lair:5)
  A deep elf zephyrmancer (D:14)
  An oklob plant (Lair:5)
  11 manticores
  8 orc sorcerers
  A shining eye (Abyss:5)
  A will-o-the-wisp (Abyss:4)
  5 mana vipers
  18 salamanders
  7 cyclopes
  11 fauns
  7 worldbinders
  A black mamba (shapeshifter) (D:14)
  8 merfolk sirens
  8 guardian serpents
  A torpor snail (Lair:1)
  14 naga magi
  14 cane toads
  5 smoke demons
  10 water nymphs
  14 elephants
  An orange demon (Abyss:2)
  3 unseen horrors
  28 black mambas
  4 centaur skeletons (D:14)
  2 kobold demonologists (D:13)
  3 freezing wraiths
  A dire elephant skeleton (Lair:5)
  2 hellwings (Orc:2)
  2 rime drakes (Lair:3)
  3 yaktaurs (D:14)
  A tengu conjurer (D:15)
  3 efreet
  8 ancient zymes
  13 komodo dragons
  4 trolls
  A queen bee (Gauntlet)
  3 meliai (D:13)
  A red devil (Orc:2)
  20 merfolk
  6 polar bears
  2 tyrant leeches (Abyss:1)
  5 wind drakes
  6 raiju
  A harpy skeleton (Abyss:2)
  20 slime creatures
  5 blink frogs
  5 dream sheep
  3 hornets
  A spectral elephant (Lair:5)
  12 snapping turtles
  2 jumping spiders (Gauntlet)
  2 centaur simulacra (D:14)
  6 flying skulls (Abyss:2)
  6 shadows
  7 water elementals
  An ettin skeleton (Abyss:3)
  4 wraiths
  A dire elephant simulacrum (Lair:5)
  59 yaks
  9 wyverns
  6 basilisks
  11 small abominations
  8 steam dragons
  5 chaos spawn
  5 fire bats (Volcano)
  3 neqoxecs
  2 fire elementals (Orc:2)
  3 wargs (Orc:1)
  An acid dragon (D:12)
  42 nagas
  20 large abominations
  18 water moccasins
  5 hell hounds
  27 orc warriors
  A sky beast (D:6)
  4 ice beasts
  9 black bears
  An elephant zombie (Lair:5)
  12 ogres
  11 wolves
  9 centaurs
  An elephant skeleton (Lair:5)
  3 kobold brigands
  25 bullfrogs
  5 gnoll sergeants
  2 necrophages
  A naga simulacrum (Abyss:2)
  A cane toad simulacrum (Lair:5)
  5 scorpions
  An elephant simulacrum (Lair:5)
  20 killer bees
  2 howler monkeys
  8 electric eels
  3 lava snakes (D:9)
  29 starcursed masses
  2 hounds
  2 jellies
  2 gnoll boudas
  An iron imp (Abyss:2)
  18 orc priests
  2 iguanas (D:5)
  26 orc wizards
  6 hell rats (Lair:5)
  11 adders
  27 gnolls
  A shadow imp (D:7)
  2 white imps
  4 ufetubi
  2 dart slugs
  48 orcs
  4 endoplasms
  4 goblins
  7 hobgoblins
  2 jackals (D:1)
  3 quokkas
  3 ball pythons
  9 bats
  3 frilled lizards
  20 kobolds
  3 rats
  4 lurking horrors
  2 starspawn tentacles
1176 creatures vanquished.

Vanquished Creatures (collateral kills)
  An orc warrior (D:10)
  An orc (D:10)
2 creatures vanquished.

Vanquished Creatures (others)
  A nagaraja (Snake:4)
  A harpy (Shoals:1)
  A salamander (Snake:2)
  An unseen horror (D:12)
  2 black mambas
  3 demonic plants (Gauntlet)
  31 fungi
  179 plants
  5 starspawn tentacles
  22 withered plants (Lair:5)
246 creatures vanquished.

Grand Total: 1424 creatures vanquished

Notes
Turn   | Place    | Note
-------+----------+-------------------------------------------
     0 | D:1      | Flugkiller the Minotaur Fighter began the quest for the
                  | Orb.
     0 | D:1      | Reached XP level 1. HP: 19/19 MP: 0/0
   427 | D:1      | Reached XP level 2. HP: 24/27 MP: 1/1
  1075 | D:2      | Reached skill level 4 in Fighting
  1076 | D:2      | Reached XP level 3. HP: 33/33 MP: 2/2
  1353 | D:2      | Found a faded altar of an unknown god.
  2135 | D:3      | Found a white marble altar of Elyvilon.
  2152 | D:3      | Reached XP level 4. HP: 40/40 MP: 3/3
  2695 | D:3      | Reached XP level 5. HP: 37/47 MP: 4/4
  2780 | D:3      | Found a glowing golden altar of the Shining One.
  2863 | D:3      | Found a runed translucent door.
  2863 | D:3      | Noticed Zgarb's ghost (amateur VSIE)
  3323 | D:4      | Reached skill level 5 in Axes
  3623 | D:4      | Reached skill level 5 in Fighting
  3623 | D:4      | Reached skill level 5 in Armour
  4014 | D:4      | Noticed a black bear
  4016 | D:4      | Killed a black bear
  4017 | D:4      | Reached XP level 6. HP: 56/56 MP: 5/5
  4251 | D:5      | Entered Level 5 of the Dungeon
  4260 | D:5      | Noticed an ice beast
  4268 | D:5      | Killed an ice beast
  4491 | D:5      | Noticed a yak
  4491 | D:5      | Noticed a yak
  4491 | D:5      | Noticed a yak
  4491 | D:5      | Noticed a yak
  4492 | D:5      | Noticed a yak
  4522 | D:5      | Killed a yak
  4523 | D:5      | Reached XP level 7. HP: 33/62 MP: 6/6
  4525 | D:5      | Killed a yak
  4526 | D:5      | Reached skill level 6 in Fighting
  4527 | D:5      | Killed a yak
  4531 | D:5      | Killed a yak
  4532 | D:5      | Reached XP level 8. HP: 35/71 MP: 7/7
  4925 | D:5      | Reached skill level 7 in Fighting
  5925 | D:6      | Reached skill level 10 in Axes
  5937 | D:6      | Reached XP level 9. HP: 73/81 MP: 8/8
  6034 | D:6      | Reached skill level 8 in Fighting
  6189 | D:6      | Identified the +0 shortbow of the Contumacious God {freeze,
                  | rElec}
  6299 | D:6      | Found a shimmering altar of Xom.
  6660 | D:7      | Found a staircase to the Ecumenical Temple.
  7190 | D:7      | Reached skill level 9 in Fighting
  7565 | D:7      | Found Xiciq's Assorted Antiques.
  8155 | D:8      | Reached XP level 10. HP: 86/91 MP: 9/9
  8507 | D:8      | Found Vuck's Book Emporium.
  8528 | D:8      | Noticed a two-headed ogre
  8603 | Temple   | Entered the Ecumenical Temple
  8719 | Temple   | Became a worshipper of Qazlal Stormbringer
  9172 | D:8      | Killed a two-headed ogre
  9173 | D:8      | Reached skill level 1 in Invocations
  9683 | D:8      | Reached skill level 10 in Fighting
  9683 | D:8      | Reached skill level 10 in Armour
 10018 | D:9      | Found a transporter.
 10022 | D:9      | Noticed polve's ghost (novice DsBe)
 10034 | D:9      | Found a transporter.
 10324 | D:9      | Found a shimmering blue altar of Sif Muna.
 10407 | D:9      | Reached * piety under Qazlal
 10438 | D:9      | Identified the +1 spear "Arikh" {freeze, rC- rN+ SInv}
 10755 | D:9      | Noticed a two-headed ogre
 10762 | D:9      | Killed a two-headed ogre
 10763 | D:9      | Reached XP level 11. HP: 13/101 MP: 12/12
 11148 | D:9      | Found a staircase to the Orcish Mines.
 12007 | D:10     | Entered Level 10 of the Dungeon
 12328 | D:10     | Noticed a two-headed ogre
 12336 | D:10     | Killed a two-headed ogre
 12337 | D:10     | Reached skill level 11 in Fighting
 12360 | D:10     | Reached ** piety under Qazlal
 12727 | D:10     | Noticed a two-headed ogre
 12734 | D:10     | Killed a two-headed ogre
 12872 | D:10     | Reached skill level 15 in Axes
 13304 | D:10     | Noticed a two-headed ogre
 13312 | D:10     | Killed a two-headed ogre
 13313 | D:10     | Reached skill level 5 in Invocations
 13493 | D:11     | Found a staircase to the Lair.
 13928 | D:11     | Noticed a green ugly thing
 13936 | D:11     | Killed a green ugly thing
 13943 | D:11     | Reached XP level 12. HP: 81/111 MP: 15/15
 14490 | D:7      | Bought a broad axe for 88 gold pieces
 14634 | Lair:1   | Entered Level 1 of the Lair of Beasts
 14681 | Lair:1   | Reached skill level 12 in Fighting
 14928 | Lair:1   | Reached *** piety under Qazlal
 15032 | Lair:1   | Identified the +1 falchion of Ambiguity {vorpal, Fly rPois
                  | MP-9}
 15041 | Lair:1   | Noticed an eight-headed hydra
 15050 | Lair:1   | Killed a 16-headed hydra
 15657 | Lair:2   | Noticed a seven-headed hydra
 15668 | Lair:2   | Killed a ten-headed hydra
 15679 | Lair:2   | Reached skill level 13 in Fighting
 15744 | Lair:2   | Found a staircase to the Snake Pit.
 15794 | Lair:2   | Reached **** piety under Qazlal
 15931 | Lair:2   | Noticed a boulder beetle
 15955 | Lair:2   | Killed a boulder beetle
 15982 | Lair:2   | Found a gate leading to a gauntlet.
 15991 | Gauntlet | Entered a Gauntlet
 15991 | Gauntlet | Found a transporter.
 15991 | Gauntlet | Found a transporter.
 15997 | Gauntlet | Found a transporter.
 16009 | Gauntlet | Found a transporter.
 16026 | Gauntlet | Noticed an entropy weaver
 16027 | Gauntlet | Found a transporter.
 16027 | Gauntlet | Found a transporter.
 16027 | Gauntlet | Found a transporter.
 16029 | Gauntlet | Found a transporter.
 16029 | Gauntlet | Found a transporter.
 16031 | Gauntlet | Noticed a death yak
 16031 | Gauntlet | Noticed a death yak
 16031 | Gauntlet | Noticed a death yak
 16032 | Gauntlet | Noticed a death yak
 16034 | Gauntlet | Noticed a death yak
 16042 | Gauntlet | Found a transporter.
 16057 | Gauntlet | Found a runed translucent door.
 16058 | Gauntlet | Found a transporter.
 16059 | Gauntlet | Found a runed translucent door.
 16060 | Gauntlet | Found the +8 Vampire's Tooth {vamp}
 16066 | Gauntlet | Noticed a balrug
 16068 | Gauntlet | Found a transporter.
 16073 | Gauntlet | Found a transporter.
 16107 | Gauntlet | Found a transporter.
 16168 | Gauntlet | Identified the ring of Recklessness {+Blink rF+ Dex+2}
 16202 | Gauntlet | Killed an entropy weaver
 16203 | Gauntlet | Reached XP level 13. HP: 20/123 MP: 18/18
 16299 | Gauntlet | Identified the +0 cloak "Nyck" {Will- Str+2 Int+5}
 16326 | Gauntlet | Identified the amulet "Qosipn" {Reflect rC+ SH+5}
 16364 | Gauntlet | Noticed a minotaur
 16368 | Gauntlet | Killed a minotaur
 16650 | Lair:2   | Found a staircase to the Shoals.
 17173 | Lair:3   | Noticed Sonja
 17184 | Lair:3   | Reached skill level 14 in Fighting
 17184 | Lair:3   | Killed Sonja
 17440 | Lair:3   | Found a dark tunnel.
 17482 | Volcano  | Entered a volcano
 17488 | Volcano  | Reached skill level 10 in Invocations
 17790 | Volcano  | Reached skill level 1 in Dodging
 17790 | Volcano  | Reached skill level 1 in Evocations
 18067 | Volcano  | Reached ***** piety under Qazlal
 18272 | Volcano  | Noticed a fire dragon
 18279 | Volcano  | Killed a fire dragon
 18280 | Volcano  | Reached skill level 5 in Shields
 18681 | Lair:3   | Identified the +1 cloak "Raudaywi" {*Corrode +Inv rC+++
                  | Regen+}
 18778 | Lair:3   | Identified the +11 shortbow "Mipsad" {speed, Fragile rC+
                  | rN+ Str+6}
 19733 | Lair:4   | Reached XP level 14. HP: 118/133 MP: 20/20
 20212 | Lair:4   | Reached skill level 15 in Fighting
 20212 | Lair:4   | Reached skill level 5 in Dodging
 20631 | Lair:5   | Entered Level 5 of the Lair of Beasts
 21544 | Lair:5   | Reached skill level 5 in Evocations
 22602 | Lair:5   | Found a viscous altar of Jiyva.
 22602 | Lair:5   | Found a staircase to the Slime Pits.
 22766 | D:12     | Noticed Josephine
 22774 | D:12     | Killed Josephine
 22789 | D:12     | Reached ****** piety under Qazlal
 22987 | D:12     | Noticed Fannar
 22995 | D:12     | Killed Fannar
 23510 | D:12     | Reached XP level 15. HP: 131/143 MP: 21/21
 24050 | D:13     | Found a runed translucent gate.
 24050 | D:13     | Found a runed translucent gate.
 24052 | D:13     | Found a runed translucent gate.
 24052 | D:13     | Noticed Xoff's ghost (journeyman GrEE)
 24052 | D:13     | Noticed QuickerDeath's ghost (adept MfIE)
 24450 | D:14     | Reached skill level 16 in Fighting
 25301 | D:14     | Found a gate to the Vaults.
 25326 | D:15     | Entered Level 15 of the Dungeon
 25390 | D:15     | Reached skill level 10 in Shields
 25945 | D:15     | Found a staircase to the Depths.
 26315 | D:15     | Found a runed translucent gate.
 26316 | D:15     | Found a runed translucent gate.
 26325 | D:15     | Found a runed translucent gate.
 26326 | D:15     | Noticed Semoopse's ghost (adept GrEE)
 26326 | D:15     | Noticed a lich
 26326 | D:15     | Noticed a lich
 26328 | D:15     | Found an ancient bone altar of Kikubaaqudgha.
 26328 | D:15     | Noticed Semoopse's ghost (adept GrEE)
 26328 | D:15     | Noticed Zemnit's ghost (adept OgFi)
 26661 | D:15     | Identified a scroll of acquirement
 26666 | D:15     | Reached XP level 16. HP: 154/154 MP: 22/22
 26667 | D:15     | Reached XP level 17. HP: 160/160 MP: 22/24
 26700 | D:15     | Acquired 990 gold pieces
 26832 | Orc:1    | Entered Level 1 of the Orcish Mines
 27030 | Orc:1    | Reached skill level 17 in Fighting
 27456 | Orc:2    | Entered Level 2 of the Orcish Mines
 27456 | Orc:2    | Noticed Azrael
 27467 | Orc:2    | Killed Azrael
 27683 | Orc:2    | Found a staircase to the Elven Halls.
 28011 | Orc:2    | Found Betronwu's Magic Scroll Emporium.
 28016 | Orc:2    | Found Wefoj's General Store.
 28228 | Orc:2    | Reached skill level 10 in Dodging
 28553 | Orc:2    | Bought a scroll of magic mapping for 82 gold pieces
 28553 | Orc:2    | Bought a scroll of enchant weapon for 82 gold pieces
 28553 | Orc:2    | Bought a scroll of teleportation for 33 gold pieces
 28556 | Orc:2    | Bought a scroll of enchant weapon for 97 gold pieces
 28556 | Orc:2    | Bought a potion of heal wounds for 65 gold pieces
 28556 | Orc:2    | Bought a potion of invisibility for 104 gold pieces
 28642 | Orc:2    | Reached XP level 18. HP: 168/170 MP: 25/25
 28655 | Orc:2    | Found Taedie Arikk's Antique Armour Boutique.
 28655 | Orc:2    | Found Munocuffae's Book Shop.
 28656 | Orc:2    | Found a one-way gate leading to the halls of Pandemonium.
 28658 | Orc:2    | Bought a twisted plate armour for 840 gold pieces
 28658 | Orc:2    | Identified the +1 plate armour of Guijum {Contam Dex+5
                  | Stlth+} (You bought it in a shop on level 2 of the Orcish
                  | Mines)
 28983 | Snake:1  | Entered Level 1 of the Snake Pit
 29545 | Snake:1  | Found an ancient bone altar of Kikubaaqudgha.
 29685 | Snake:2  | Found a snail-covered altar of Cheibriados.
 29978 | Snake:2  | Reached skill level 18 in Fighting
 31333 | Snake:3  | Noticed Vashnia
 31348 | Snake:3  | Killed Vashnia
 31524 | Snake:3  | Found Ryxiaq's Antique Weapon Boutique.
 32156 | Snake:3  | Noticed Jorgrun
 32165 | Snake:3  | Killed Jorgrun
 32595 | Snake:4  | Entered Level 4 of the Snake Pit
 33009 | Snake:4  | Noticed Asterion
 33024 | Snake:4  | Killed Asterion
 33531 | Snake:4  | Found a corrupted altar of Lugonu.
 33534 | Snake:4  | Found a one-way gate to the infinite horrors of the Abyss.
 33658 | Snake:4  | Reached XP level 19. HP: 82/180 MP: 27/27
 33998 | Snake:4  | Reached skill level 15 in Armour
 34577 | Snake:4  | Got a serpentine rune of Zot
 34804 | Shoals:1 | Entered Level 1 of the Shoals
 35504 | Shoals:1 | Reached skill level 19 in Fighting
 36649 | Shoals:2 | Found a frozen archway.
 36779 | Shoals:2 | Found Igi Durgh's Book Emporium.
 37800 | Shoals:4 | Entered Level 4 of the Shoals
 38416 | Shoals:4 | Reached skill level 15 in Shields
 38477 | Shoals:4 | Identified the ring "Fasor" {Int+6 Dex+5}
 38547 | Shoals:4 | Got a barnacled rune of Zot
 38787 | Shoals:4 | Identified the +10 halberd of Toum {venom, rPois Str+2}
 39265 | Snake:4  | Voluntarily entered the Abyss.
 39554 | Abyss:1  | Reached skill level 15 in Dodging
 39710 | Abyss:1  | Reached XP level 20. HP: 98/193 MP: 28/28
 39711 | Snake:4  | Escaped the Abyss
 39869 | Snake:4  | Voluntarily entered the Abyss.
 40000 | Snake:4  | Escaped the Abyss
 40199 | Snake:4  | Voluntarily entered the Abyss.
 40199 | Abyss:2  | Found a corrupted altar of Lugonu.
 40282 | Abyss:2  | Paralysed by accursed screaming for 1 turns
 40284 | Abyss:2  | Found a sparkling altar of Nemelex Xobeh.
 40286 | Abyss:2  | Paralysed by accursed screaming for 1 turns
 40393 | Abyss:3  | Noticed a bone dragon
 40411 | Abyss:3  | Killed a bone dragon
 40479 | Abyss:4  | Noticed a dread lich
 40501 | Abyss:4  | Killed a dread lich
 40502 | Abyss:4  | Reached skill level 20 in Fighting
 40504 | Snake:4  | Escaped the Abyss
 40857 | Snake:4  | Voluntarily entered the Abyss.
 40941 | Abyss:4  | Noticed a bone dragon
 40960 | Abyss:4  | Killed a bone dragon
 41119 | Abyss:4  | HP: 8/193 [large abomination (11)]
 41176 | Snake:4  | Escaped the Abyss
 41698 | Snake:4  | Voluntarily entered the Abyss.
 41717 | Abyss:5  | Found a bloodstained altar of Trog.
 41801 | Abyss:5  | Paralysed by accursed screaming for 1 turns
 41826 | Abyss:5  | HP: 2/135 [spore (26)]
 41826 | Abyss:5  | Killed by an exploding starcursed mass... ignited by their
                  | inner flame

Illustrated notes

Levels and vault maps discovered:
D:1:      lightli_arrival_statuegarden, layout_basic
D:2:      layout_basic, hellmonk_ecumenical_altar_crossroads, st_stairs_5
D:3:      layout_basic, tso_metal_star, elyvilon_altar_4,
          hellmonk_ghost_happy_afterlife
D:4:      layout_rooms
D:5:      layout_basic
D:6:      layout_rooms, mainiacjoe_overflow_24_doors
D:7:      layout_layer_cave, minmay_temple_entry_purple_smoke, serial_shops,
          nicolae_shop_temple_entry_statues_fountains
D:8:      layout_basic, serial_shops, nicolae_shop_statue_plus
D:9:      layout_loops_ring, general_overflow_altar,
          kennysheep_orc_monster_closet_entryway, gammafunk_ghost_stat_death,
          minmay_misc_feat_doors, kennysheep_cluttered_room
D:10:     layout_loops_corners
D:11:     layout_loops_cross, due_lair_maze_entry_diamond
D:12:     layout_rooms, drop_trap, grunt_decor_junction, kennysheep_potato,
          uniq_fannar, uniq_josephine
D:13:     layout_rooms, gammafunk_ghost_cemetery
D:14:     layout_cross, hangedman_vaults_entry_quadrant_bands, serial_glass,
          glass_columns_a, glass_columns_a
D:15:     gammafunk_enter_depths_forms, layout_grid_maze, serial_park_fountain,
          gammafunk_ghost_crypt, nzn_life_drinkers
Temple:   mainiacjoe_temple_bowtie_tessellation
Lair:1:   layout_regular_city, cheibrodos_lair_lostbears
Lair:2:   layout_cave_pods, minmay_shoals_entry_lonely_mermaid,
          minmay_snake_entry_six_corridors, gauntlet_entry_generic,
          beast_lair_carwin_7
Lair:3:   nzn_winding_woodlands_stair_trap [nzn_winding_woodlands_5x15_zeroes,
          nzn_winding_woodlands_5x15_crooked, nzn_winding_woodlands_5x15_parted,
          nzn_winding_woodlands_15x15_eel_pit,
          nzn_winding_woodlands_5x15_lazy_stream,
          nzn_winding_woodlands_5x15_pockets,
          nzn_winding_woodlands_5x15_concentric], layout_chaotic_city,
          enter_volcano_3, serial_bayou_lagoon_b, uniq_sonja
Lair:4:   layout_misc_corridors, chequers_serial_rivers_marsh,
          nicolae_lair_lakeside_cave, infiniplex_staircase_pool,
          lemuel_fruit_tree
Lair:5:   due_jungle_book, layout_regular_city, dpeg_slime_entry_enclosed,
          minmay_lair_oklob_items, serial_bayou_shore_a
Shoals:1: layout_shoals
Shoals:2: layout_shoals, serial_shops, nicolae_shop_behind_doors,
          portal_ice_cave_entry_pillars_1, nicolae_splish_splash
Shoals:3: layout_shoals
Shoals:4: shoals_end_simple, layout_shoals
Snake:1:  layout_cave_pods, basic_altar
Snake:2:  layout_gridlike, basic_altar
Snake:3:  layout_basic, serial_shops, nicolae_square_shop,
          nicolae_snake_double_loop, uniq_jorgrun, uniq_vashnia
Snake:4:  grunt_snake_rune_serpentine_throne, layout_grid_maze,
          grunt_ministairs_4, amcnicky_altar_lugonu_corruption, uniq_asterion
Orc:1:    nicolae_orc_accident_1, layout_caves, nicolae_orc_rich_vein
Orc:2:    pf_orc_diabolical, layout_caves, mines4_lemuel, uniq_azrael
Abyss:5:  base: D:12, bh_abyss_exit_spiral, hangedman_relentless_pull,
          hangedman_abyss_rune_macabre_mess, evilmike_abyss_exit_6,
          minivault_19, kilobyte_mutagenic_chamber,
          hangedman_abyss_rune_macabre_mess, hangedman_abyss_or_decor_passed,
          hangedman_abyss_or_decor_clamps, bh_silent_lugonu_exit

Skill      XL: |  1  2  3  4  5  6  7  8  9 10 11 12 13 14 15 16 17 18 19 20 |
---------------+-------------------------------------------------------------+-----
Axes           | 3 4 6 7 8 10 12 14 15 16 17 18 | 18.0
Fighting       | 4 5 6 7 9 10 11 13 14 15 16 17 18 19 20 | 20.2
Armour         | 4 5 6 7 9 10 11 13 14 16 | 16.9
Invocations    | 3 5 8 10 11 13 | 13.0
Dodging        | 4 7 9 10 13 15 | 15.7
Shields        | 5 8 12 13 15 16 | 16.1
Evocations     | 3 5 6 8 9 |  9.8

Action                   |  1- 3 |  4- 6 |  7- 9 | 10-12 | 13-15 | 16-18 | 19-21 || total
-------------------------+-------+-------+-------+-------+-------+-------+-------++-------
Melee: War axe           |    95 |   100 |   157 |   328 |       |       |       ||   680
       Headbutt          |    13 |    16 |    25 |    90 |   186 |   178 |   215 ||   723
       Broad axe         |       |       |       |   121 |   629 |   598 |   705 ||  2053
Invok: Upheaval          |       |       |       |     3 |     6 |     2 |       ||    11
Evoke: Wand              |       |       |       |     4 |     3 |       |       ||     7
  Use: Scroll            |       |     5 |     2 |    17 |    13 |     8 |     5 ||    50
       Potion            |       |     1 |       |     1 |     3 |     2 |    11 ||    18
 Stab: Distracted        |       |       |       |     2 |    16 |     5 |     7 ||    30
Armor: Scale mail        |    54 |       |       |       |       |       |       ||    54
       Chain mail        |       |    60 |    79 |    22 |       |       |       ||   161
       Plate armour      |       |       |       |   256 |   190 |    63 |   100 ||   609
Dodge: Dodged            |    51 |    33 |    59 |   158 |   187 |   141 |   208 ||   837
       Repelled          |       |       |       |       |     6 |    16 |    12 ||    34
Block: Buckler           |    30 |    22 |    40 |   181 |   408 |   153 |       ||   834
       Reflection        |       |       |       |       |    24 |    73 |    65 ||   162
       Kite shield       |       |       |       |       |       |   430 |   688 ||  1118

Table legend: (Time is in decaauts)
 A = Elapsed time spent in this place.
 B = Non-inter-level travel time spent in this place.
 C = Inter-level travel time spent in this place.
 D = Time resting spent in this place.
 E = Time spent auto-exploring this place.
 F = Levels seen in this place.
 G = Mean time per level.
                   A        B        C        D        E       F      G
               +--------+--------+--------+--------+--------+-----+--------+
         Total |  41541 |  39471 |   2070 |   6842 |  26636 |  42 |  989.1 |
       Dungeon |  18499 |  17448 |   1051 |   2552 |  12828 |  15 | 1233.3 |
        Temple |    247 |    197 |     50 |      0 |    184 |   1 |  247.0 |
          Lair |   7485 |   7037 |    448 |   1047 |   4848 |   5 | 1497.0 |
        Shoals |   3935 |   3760 |    175 |    184 |   3029 |   4 |  983.8 |
     Snake Pit |   6842 |   6545 |    297 |   2413 |   3287 |   4 | 1710.5 |
  Orcish Mines |   1997 |   1950 |     47 |    274 |   1355 |   2 |  998.5 |
         Abyss |   1272 |   1272 |      0 |     52 |    444 |   9 |  141.3 |
       Volcano |    879 |    879 |      0 |    203 |    531 |   1 |  879.0 |
      Gauntlet |    380 |    380 |      0 |    116 |    129 |   1 |  380.0 |
               +--------+--------+--------+--------+--------+-----+--------+

Top non-repeatable levels by time:
 Snake:4: 2454 daAuts
     D:9: 2237 daAuts
 Snake:3: 2207 daAuts
  Lair:5: 2011 daAuts
     D:7: 1916 daAuts
  Lair:2: 1888 daAuts
  Lair:3: 1631 daAuts
 Snake:2: 1599 daAuts
     D:8: 1458 daAuts
     D:5: 1452 daAuts
    D:10: 1376 daAuts
    D:15: 1368 daAuts
   Orc:2: 1367 daAuts
     D:2: 1346 daAuts
Shoals:4: 1277 daAuts
